 Dungeon Crawl Stone Soup version 0.25-a0-302-g9f758675c1 (webtiles) character file.

Game seed: 17493280373220381181, levelgen mode: deterministic

28 Gargoyl the Skirmisher (level 3, -1/31 HPs)
             Began as a Centaur Abyssal Knight on Dec 20, 2019.
             Was a Follower of Lugonu.
             Slain by Natasha (8 damage)
             ... on level 2 of the Dungeon.
             The game lasted 00:01:53 (1021 turns).

Gargoyl the Skirmisher (Centaur Abyssal Knight)     Turns: 1021, Time: 00:01:54

Health: -1/31      AC:  6    Str: 14    XL:     3   Next: 0%
Magic:  4/4        EV:  8    Int: 11    God:    Lugonu [*.....]
Gold:   107        SH:  0    Dex:  9    Spells: 2/2 levels left

rFire    . . .     SeeInvis .   a - +2 hand axe
rCold    . . .     Gourm    .   (no shield)
rNeg     . . .     Faith    .   g - +0 ring mail
rPois    .         Spirit   .   (no helmet)
rElec    .         Reflect  .   (no cloak)
rCorr    +         Harm     .   f - +0 pair of gloves
MR       .....                  (no barding)
Stlth    ..........             (no amulet)
HPRegen  0.10/turn              e - ring of resist corrosion
MPRegen  0.09/turn              (no ring)

@: very quick
A: large, hooves 3, deformed body, speed 2, tough skin 3
a: Depart the Abyss, Renounce Religion


You were on level 2 of the Dungeon.
You worshipped Lugonu.
Lugonu was aware of your devotion.
You were not hungry.

You visited 1 branch of the dungeon, and saw 2 of its levels.
You visited the Abyss 1 time.

You collected 107 gold pieces.

Inventory:

Hand Weapons
 a - a +2 hand axe (weapon)
Armour
 f - a +0 pair of gloves (worn)
 g - a +0 ring mail (worn)
Jewellery
 e - a ring of resist corrosion (left hand)
Scrolls
 b - a scroll of random uselessness {unknown}
 h - a scroll of remove curse {unknown}
Potions
 d - 2 potions of degeneration {unknown}
 i - a potion of mutation {unknown}
 j - a potion of brilliance {unknown}
 k - a potion of agility {unknown}
Comestibles
 c - 3 rations


   Skills:
 + Level 3.4 Fighting
 + Level 2.0 Axes
 * Level 1.7 Armour
 * Level 1.0 Dodging
 * Level 2.2 Invocations


You had 2 spell levels left.
You didn't know any spells.
Your spell library was empty.

Dungeon Overview and Level Annotations

Branches:
Dungeon (2/15)

Altars:

Annotations:
D:2 Natasha


Innate Abilities, Weirdness & Mutations

You have hooves in place of feet.
Armour fits poorly on your strangely shaped body.
You cover ground very quickly.
You have extremely tough skin. (AC +3)


Message History

Natasha claws you!
Unknown command.
You barely miss Natasha.
Natasha is severely wounded.
Natasha claws you.
Unknown command.
You hit Natasha.
Natasha is severely wounded.
You hit the worm. Natasha closely misses you.
You hit Natasha but do no damage. Your kick misses Natasha.
Natasha is severely wounded.
You hit the worm. Natasha claws you. The worm bites you!
Natasha casts a spell at you. The magic dart hits you.
* * * LOW HITPOINT WARNING * * *
Unknown command.
You closely miss Natasha.
Natasha is severely wounded.
You barely miss the worm. Natasha claws you!
You die...

# # ## .#.# #
#. ...
#.##.###.##..
.##....h.......
.......@w#.#
.####..<...#
#..##### ....#
#####


You could see a worm and Natasha.

Vanquished Creatures
  2 dart slugs (D:1)
  A leopard gecko (D:1)
  A bat (D:1)
  3 goblins (D:1)
  3 hobgoblins (D:1)
  4 jackals (D:1)
  3 frilled lizards (D:1)
  2 kobolds
  3 rats (D:1)
22 creatures vanquished.

Vanquished Creatures (others)
  4 starspawn tentacles (Abyss:2)
4 creatures vanquished.

Grand Total: 26 creatures vanquished

Notes
Turn   | Place    | Note
-------+----------+-------------------------------------------
     0 | Abyss:1  | Gargoyl the Centaur Abyssal Knight began the quest for the
                  | Orb.
     0 | Abyss:1  | Reached XP level 1. HP: 19/19 MP: 2/2
   100 | Abyss:2  | Noticed a tentacled starspawn
   113 | Abyss:2  | Found a corrupted altar of Lugonu.
   118 | Abyss:2  | Noticed an ice devil
   130 | Abyss:2  | Noticed a small abomination
   165 | D:1      | Escaped the Abyss
   251 | D:1      | Reached * piety under Lugonu
   373 | D:1      | Reached XP level 2. HP: 25/26 MP: 3/3
   689 | D:1      | Reached skill level 1 in Dodging
  1012 | D:2      | Noticed Natasha
  1016 | D:2      | Reached XP level 3. HP: 29/31 MP: 4/4
  1021 | D:2      | Slain by Natasha

Levels and vault maps discovered:
D:1:      minmay_arrival_split_and_join, layout_basic,
          chequers_serial_rivers_room_a, interstate_on_off
D:2:      layout_loops_ring, chequers_ecumenical_altar_simple_redux,
          minmay_misc_feat_alley, minmay_misc_feat_x, kennysheep_doodads,
          uniq_natasha

Skill      XL: |  1  2 |
---------------+-------+-----
Axes           | 2 |  2.0
Dodging        | 1 |  1.0
Fighting       | |  3.4
Armour         | |  1.7
Invocations    | |  2.2

Action                   || total
-------------------------++-------
Melee: Hand axe          ||    50
       Kick              ||    10
Invok: Depart the Abyss  ||     1
  Use: Scroll            ||     2
       Potion            ||     1
Armor: Ring mail         ||    17
       Leather armour    ||     3
Dodge: Dodged            ||    21

Table legend:
 A = Non-vault XP
 B = Vault XP
 C = Vault XP percentage of total XP
 D = Non-vault monster count
 E = Vault monster count
 F = Vault count percentage of total count
                 A         B        C        D         E       F
            +---------+---------+-------+---------+---------+-------
      Total |      41 |       0 |   0.0 |      22 |       0 |   0.0
            +---------+---------+-------+---------+---------+-------
        D:1 |      40 |       0 |   0.0 |      21 |       0 |   0.0
        D:2 |       1 |       0 |   0.0 |       1 |       0 |   0.0
            +---------+---------+-------+---------+---------+-------
